 Dungeon Crawl Stone Soup version 0.22.0-25-g7663229ff0 (webtiles) character file.

59 LLavrengius the Vandal (level 4, -6/29 HPs)
             Began as a Halfling Arcane Marksman on Aug 21, 2018.
             Mangled by an orc priest
             ... wielding a +0 mace
              (8 damage)
             ... on level 1 of the Dungeon.
             The game lasted 00:05:55 (1197 turns).

LLavrengius the Vandal (Halfling Arcane Marksman)   Turns: 1197, Time: 00:05:56

Health: -6/29      AC:  2    Str: 11    XL:     4   Next: 22%
Magic:  5/5        EV: 15    Int: 12    God:
Gold:   48         SH:  0    Dex: 14    Spells: 4/5 levels left

rFire    . . .     SeeInvis .   a - +0 hunting sling
rCold    . . .     Gourm    .   (shield restricted)
rNeg     . . .     Faith    .   e - +0 robe
rPois    .         Spirit   .   (no helmet)
rElec    .         Reflect  .   (no cloak)
rCorr    .         Harm     .   (no gloves)
MR       .....                  (no boots)
Stlth    +.........             (no amulet)
HPRegen  0.09/turn              (no ring)
MPRegen  0.09/turn              (no ring)

@: drained
A: small, mutation resistance 1
a: no special abilities


You were on level 1 of the Dungeon.
You were not hungry.

You visited 1 branch of the dungeon, and saw 2 of its levels.

You collected 48 gold pieces.

Inventory:

Hand Weapons
 a - a +0 hunting sling (weapon)
 i - a +0 short sword
 m - a +1 dagger of draining
Missiles
 b - 53 stones (quivered)
 g - 4 javelins
Armour
 e - a +0 robe (worn)
Scrolls
 c - a scroll of remove curse {unknown}
 h - a scroll of immolation {unknown}
 j - a scroll of fog {unknown}
 k - a scroll of amnesia {unknown}
Comestibles
 f - 3 rations
 l - 3 chunks of flesh


   Skills:
 + Level 2.0 Fighting
 + Level 4.3 Slings
 - Level 3.1(3.0) Dodging
 - Level 1.0(0.9) Spellcasting
 - Level 2.4 Hexes


You had 4 spell levels left.
You knew the following spells:

 Your Spells              Type           Power        Failure   Level  Hunger
a - Corona                Hex            #......      12%         1    ##.....

Your spell library contained the following spells:

 Spells                   Type           Power        Failure   Level  Hunger
 Slow                     Hex            #.......     17%         2    ###....
 Inner Flame              Hex/Fire       #.......     50%         3    ####...
 Portal Projectile        Hex/Tloc       #.....       50%         3    ####...
 Cause Fear               Hex            #.........   75%         4    #####..
 Leda's Liquefaction      Hex/Erth       #.........   88%         4    #####..


Dungeon Overview and Level Annotations

Branches:
Dungeon (2/15)

Altars:


Innate Abilities, Weirdness & Mutations

You are small and have problems with some larger weapons.
You are somewhat resistant to further mutation.


Message History

Press: ? - help, Shift-Dir - straight line, f/p - orc priest
Aim: an orc priest, wielding a mace (lightly wounded)
You shoot a stone. The stone hits the orc priest.
The orc priest is heavily wounded.
The orc priest looks satisfied for a moment.
Firing (i - inventory)
b - 55 stones (quivered)
Press: ? - help, Shift-Dir - straight line, f/p - orc priest
Aim: an orc priest, wielding a mace (heavily wounded)
You shoot a stone.
The stone hits the orc priest but does no damage.
The orc priest is heavily wounded.
The orc priest hits you with a mace.
* * * LOW HITPOINT WARNING * * *
Firing (i - inventory)
b - 54 stones (quivered)
Press: ? - help, Shift-Dir - straight line, f/p - orc priest
Aim: an orc priest, wielding a mace (heavily wounded)
You shoot a stone. The stone hits the orc priest.
The orc priest is almost dead.
The orc priest hits you with a mace!
You die...

...#...#.#.#
#.#
...#...#.#.#
#.#
.#.........#
#.#
.#.........#
#.#
.#.##......#
#.#
...........#
#.# ########
...........#
#.# #......#
#######....#
#.#########.#
......'....#
#@o.........#
####..#...##
#############
..........#
#########^#
..........#
########### #
# #


You could see an orc priest.

Vanquished Creatures
  Jessica (D:2)
  A dart slug (D:1)
  A leopard gecko (D:1)
  2 orcs (D:2)
  2 giant cockroaches (D:1)
  4 goblins (D:1)
  4 hobgoblins (D:1)
  3 frilled lizards
  6 kobolds
  2 rats (D:1)
26 creatures vanquished.

Notes
Turn   | Place    | Note
-------+----------+-------------------------------------------
     0 | D:1      | LLavrengius the Halfling Arcane Marksman began the quest for the Orb.
     0 | D:1      | Reached XP level 1. HP: 12/12 MP: 2/2
   122 | D:1      | Reached skill level 1 in Fighting
   190 | D:1      | Reached XP level 2. HP: 9/18 MP: 3/3
   608 | D:1      | Reached XP level 3. HP: 23/23 MP: 4/4
  1044 | D:2      | Noticed Jessica
  1049 | D:2      | Killed Jessica
  1049 | D:2      | Reached skill level 4 in Slings
  1049 | D:2      | Reached XP level 4. HP: 26/29 MP: 5/5
  1197 | D:1      | Mangled by an orc priest

Skill      XL: |  1  2  3  4 |
---------------+-------------+-----
Fighting       | 1 2 |  2.0
Slings         | 4 |  4.3
Dodging        | 3 |  3.1
Spellcasting   | |  1.0
Hexes          | |  2.4

Action                   |  1- 3 |  4- 6 || total
-------------------------+-------+-------++-------
 Fire: Hunting sling     |    85 |    25 ||   110
  Eat: Chunk             |       |     1 ||     1
Armor: Robe              |     3 |       ||     3
Dodge: Dodged            |    11 |     5 ||    16
